 Dungeon Crawl Stone Soup version 0.28-a0-194-g42b4daccc1 (webtiles) character file.

Game seed: 2673332863766850172

1244 Mesmaeker13 the Firebug (level 8, 0/52 HPs)
             Began as a Demonspawn Fire Elementalist on Aug 18, 2021.
             Slain by a shadow imp (4 damage)
             ... on level 6 of the Dungeon.
             The game lasted 00:11:16 (5689 turns).

Mesmaeker13 the Firebug (DsFE)                      Turns: 5689, Time: 00:11:17

Health: 0/52       AC:  8    Str:  8    XL:     8   Next: 25%
Magic:  0/12       EV: 14    Int: 18    God:
Gold:   262        SH:  0    Dex: 15    Spells: 5/13 levels left

rFire   . . .      SeeInvis .   l - +2 whip (elec)
rCold   . . .      Faith    .   (no shield)
rNeg    . . .      Spirit   +   a - +0 robe
rPois   .          Reflect  .   t - +0 helmet
rElec   .          Harm     .   (no cloak)
rCorr   .          Rampage  .   c - +0 pair of gloves
Will    .....                   (no boots)
Stlth   ++........              (no amulet)
HPRegen 0.17/turn               q - +4 ring of protection
MPRegen 0.26/turn               (no ring)

@: no status effects
A: claws 1, foul stench 1, magic shield, magic regeneration
a: no special abilities


You were on level 6 of the Dungeon.
You visited 1 branch of the dungeon, and saw 6 of its levels.

You collected 262 gold pieces.

Inventory:

Hand Weapons
 d - a +2 hunting sling of freezing
 g - a +1 war axe of venom
 l - a +2 whip of electrocution (weapon)
 v - a +0 spectral quarterstaff
Missiles
 b - 29 sling bullets
 i - 15 poisoned darts
Armour
 a - a +0 robe (worn)
 c - a +0 pair of gloves (worn)
 t - a +0 helmet (worn)
Jewellery
 q - a +4 ring of protection (left hand)
 w - a ring of poison resistance
Wands
 e - a wand of flame (18)
 j - a wand of acid (5)
Scrolls
 f - a scroll of magic mapping
 h - a scroll of fog
 k - a scroll of enchant armour {unknown}
 m - a scroll of holy word {unknown}
 u - a scroll of identify
Potions
 n - 3 potions of cancellation
 o - 2 potions of flight {unknown}
 p - a potion of brilliance {unknown}
 r - a potion of lignification {unknown}
 s - a potion of haste {unknown}


   Skills:
 + Level 5.3 Dodging
 - Level 1.7 Stealth
 - Level 3.0 Spellcasting
 + Level 5.4 Conjurations
 + Level 5.7 Fire Magic


You had 5 spell levels left.
You knew the following spells:

 Your Spells              Type           Power      Damage    Failure   Level
a - Foxfire               Conj/Fire      92%        2x1d8     1%          1
b - Sticky Flame          Conj/Fire      23%        2d4       16%         4
c - Conjure Flame         Conj/Fire      23%        6-21      4%          3

Your spell library contained the following spells:

 Spells                   Type           Power      Damage    Failure   Level
 Inner Flame              Hex/Fire       13%        N/A       16%         3
 Fireball                 Conj/Fire      11%        3d7       41%         5
 Summon Guardian Golem    Hex/Summ       2%         N/A       43%         3
 Orb of Destruction       Conj           11%        9d5       100%        7
 Spellforged Servitor     Conj/Summ      6%         N/A       100%        7


Dungeon Overview and Level Annotations

Branches:
Dungeon (6/15)
 Temple: D:4-7

Altars:
Vehumet

Shops:
D:1 ?

Annotations:
D:6 1 runed translucent door, ipx's ghost, novice DEIE


Innate Abilities, Weirdness & Mutations

You have sharp fingernails.
You may rarely emit foul miasma when damaged in melee.
When hurt, damage is shared between your health and your magic reserves.
You regenerate magic rapidly.


Message History

* * * LOW HITPOINT WARNING * * *
The centaur zombie barely misses you.
The centaur zombie kicks you but does no damage.
The adder closely misses you. The water moccasin zombie misses you.
The shadow imp gestures at you.
You struggle to resist.
Things that are here:
a +0 shortbow; 23 arrows You closely miss the shadow imp.
The adder bites you but does no damage.
The centaur zombie closely misses you. x2
The water moccasin zombie barely misses you.
The shadow imp hits you.
* * * LOW HITPOINT WARNING * * *
The adder barely misses you.
The centaur zombie hits you but does no damage.
The centaur zombie misses you.
You barely miss the shadow imp. The water moccasin zombie bites you.
* * * LOW HITPOINT WARNING * * *
The adder bites you but does no damage. The centaur zombie hits you.
* * * LOW HITPOINT WARNING * * *
The centaur zombie closely misses you.
The shadow imp hits you but does no damage.
The water moccasin zombie closely misses you.
You barely miss the shadow imp. The adder closely misses you.
The centaur zombie closely misses you. The centaur zombie misses you.
The shadow imp misses you.
The water moccasin zombie barely misses you.
The adder bites you.
* * * LOW HITPOINT WARNING * * *
You closely miss the shadow imp.
The centaur zombie barely misses you. x2
The water moccasin zombie bites you.
The shadow imp hits you but does no damage.
The adder bites you but does no damage. The centaur zombie closely misses you.
The centaur zombie barely misses you.
Unknown command.
You hit the shadow imp.
The shadow imp is lightly wounded.
The water moccasin zombie barely misses you.
The adder barely misses you. The shadow imp hits you.
You die...

#.# ....
###.###.. Z...#
###....##..
c..##
#.......##.. #
o.##
##.......###..#
###
#.........##...
#..............
#.....Z5S...#
#.....<@....#
##.....Z>...#
#.......#.##
######### #


You could see an adder, a shadow imp, a water moccasin zombie and a centaur
zombie.

Vanquished Creatures
  Eustachio (D:6)
  A black bear (D:4)
  A sky beast (D:6)
  A necrophage (D:5)
  An ogre (D:4)
  2 centaurs
  A bullfrog (D:6)
  2 scorpions (D:5)
  A water moccasin skeleton (D:5)
  A hound (D:4)
  2 centaur skeletons (D:6)
  An orc wizard (D:6)
  2 hound zombies (D:5)
  A hound skeleton (D:4)
  A howler monkey skeleton (D:6)
  7 gnolls
  7 adders
  A white imp (D:6)
  An adder skeleton (D:4)
  A worm (D:3)
  4 dart slugs
  2 orcs
  5 endoplasms
  A giant cockroach (D:1)
  8 goblins
  7 hobgoblins
  10 jackals
  A quokka (D:2)
  5 ball pythons
  3 bats
  3 frilled lizards
  2 kobolds
  11 rats
98 creatures vanquished.

Vanquished Creatures (collateral kills)
  A foxfire (D:1)
1 creature vanquished.

Vanquished Creatures (others)
  315 foxfires
  2 withered plants (D:1)
317 creatures vanquished.

Grand Total: 416 creatures vanquished

Notes
Turn   | Place    | Note
-------+----------+-------------------------------------------
     0 | D:1      | Mesmaeker13 the Demonspawn Fire Elementalist began the
                  | quest for the Orb.
     0 | D:1      | Reached XP level 1. HP: 13/13 MP: 3/3
   298 | D:1      | Found Mephut's Magic Scroll Shop.
   401 | D:1      | Gained mutation: You regenerate magic rapidly. [demonic
                  | ancestry]
   401 | D:1      | Reached XP level 2. HP: 19/19 MP: 3/5
   401 | D:1      | Found a faded altar of an unknown god.
   977 | D:2      | Gained mutation: You have sharp fingernails. [demonic
                  | ancestry]
   977 | D:2      | Reached XP level 3. HP: 24/24 MP: 3/6
  1325 | D:2      | Reached XP level 4. HP: 30/30 MP: 4/7
  1652 | D:2      | Learned a level 4 spell: Sticky Flame
  2575 | D:4      | Noticed an ogre
  2738 | D:4      | Reached XP level 5. HP: 24/35 MP: 6/9
  2840 | D:4      | Noticed a phantom
  3514 | D:4      | Killed an ogre
  3692 | D:3      | Gained mutation: When hurt, damage is shared between your
                  | health and your magic reserves. [demonic ancestry]
  3692 | D:3      | Reached XP level 6. HP: 14/41 MP: 2/10
  4073 | D:5      | Entered Level 5 of the Dungeon
  4141 | D:5      | Learned a level 3 spell: Conjure Flame
  4348 | D:5      | Reached XP level 7. HP: 46/46 MP: 9/11
  5049 | D:5      | Reached skill level 5 in Fire Magic
  5210 | D:6      | Found a runed translucent door.
  5211 | D:6      | Noticed ipx's ghost (novice DEIE)
  5283 | D:6      | Reached skill level 5 in Conjurations
  5324 | D:6      | Noticed Eustachio
  5336 | D:6      | Killed Eustachio
  5337 | D:6      | Reached skill level 5 in Dodging
  5337 | D:6      | Gained mutation: You may rarely emit foul miasma when
                  | damaged in melee. [demonic ancestry]
  5337 | D:6      | Reached XP level 8. HP: 52/52 MP: 6/12
  5386 | D:6      | Found a radiant altar of Vehumet.
  5689 | D:6      | Slain by a shadow imp

Illustrated notes

Levels and vault maps discovered:
D:1:      giann_wishing_wells, layout_basic, serial_shops, nicolae_shop_trees,
          ebering_ecumenical_altar_petrified, minmay_three_crescents
D:2:      layout_rooms, interstate_on_off
D:3:      layout_rooms
D:4:      layout_gridville, minmay_misc_feat_x, minivault_5
D:5:      layout_gridville
D:6:      layout_cave_pods, gammafunk_ghost_grave, minmay_ruined_shrine,
          uniq_eustachio

Skill      XL: |  1  2  3  4  5  6  7 |
---------------+----------------------+-----
Dodging        | 2 3 4 5 |  5.3
Fire Magic     | 3 4 5 |  5.7
Conjurations   | 2 3 5 |  5.4
Spellcasting   | 3 |  3.0
Stealth        | |  1.7

Action                   |  1- 3 |  4- 6 |  7- 9 || total
-------------------------+-------+-------+-------++-------
Melee: Dagger            |     1 |       |       ||     1
       War axe           |     8 |    12 |       ||    20
       Whip              |       |     2 |    30 ||    32
 Cast: Foxfire           |    65 |    70 |    49 ||   184
       Sticky Flame      |       |     2 |     3 ||     5
Evoke: Wand              |       |     2 |     2 ||     4
  Use: Scroll            |       |     6 |       ||     6
       Potion            |       |     1 |       ||     1
Armor: Robe              |    12 |     7 |    56 ||    75
Dodge: Dodged            |    28 |    37 |   115 ||   180

Table legend: (Time is in decaauts)
 A = Elapsed time spent in this place.
 B = Non-inter-level travel time spent in this place.
 C = Inter-level travel time spent in this place.
 D = Time resting spent in this place.
 E = Time spent auto-exploring this place.
 F = Levels seen in this place.
 G = Mean time per level.
                   A        B        C        D        E       F      G
               +--------+--------+--------+--------+--------+-----+--------+
         Total |   5704 |   5476 |    228 |   1515 |   2417 |   6 |  950.7 |
       Dungeon |   5704 |   5476 |    228 |   1515 |   2417 |   6 |  950.7 |
               +--------+--------+--------+--------+--------+-----+--------+

Top non-repeatable levels by time:
     D:4: 1408 daAuts
     D:5: 1172 daAuts
     D:3: 1070 daAuts
     D:1: 970 daAuts
     D:2: 685 daAuts
     D:6: 397 daAuts
